 Dungeon Crawl Stone Soup version 0.23.2-1-ga50397a6bc (webtiles) character file.

Game seed: 16508817929613360504

365 Mrkan the Ruffian (level 6, -9/59 HPs)
             Began as a Troll Monk on May 21, 2019.
             Was a Believer of Uskayaw.
             Mangled by an ogre
             ... wielding a cursed -1 giant club
              (20 damage)
             ... on level 4 of the Dungeon.
             The game lasted 00:05:06 (2422 turns).

Mrkan the Ruffian (Troll Monk)                      Turns: 2422, Time: 00:05:06

Health: -9/59      AC:  6    Str: 20    XL:     6   Next: 40%
Magic:  3/5        EV: 10    Int:  6    God:    Uskayaw [**....]
Gold:   150        SH:  0    Dex: 14    Spells: 5/5 levels left

rFire    . . .     SeeInvis .     - Unarmed
rCold    . . .     Gourm    +   (no shield)
rNeg     . . .     Faith    .   a - +0 robe
rPois    .         Spirit   .   (helmet restricted)
rElec    .         Reflect  .   (no cloak)
rCorr    .         Harm     .   (gloves unavailable)
MR       .....                  (boots unavailable)
Stlth    ++........             (no amulet)
HPRegen  0.59/turn              (no ring)
MPRegen  0.09/turn              (no ring)

@: no status effects
A: large, unfitting armour, claws 3, fast metabolism 3, gourmand, regeneration
1, shaggy fur 1, tough skin 3
a: Stomp, Line Pass, Renounce Religion


You were on level 4 of the Dungeon.
You worshipped Uskayaw.
Uskayaw was noncommittal.
You were completely stuffed.

You visited 1 branch of the dungeon, and saw 4 of its levels.

You collected 150 gold pieces.

Inventory:

Missiles
 e - 8 curare-tipped needles
 p - 8 poisoned javelins (quivered)
Armour
 a - a +0 robe (worn)
 x - a +0 cloak
Jewellery
 m - an uncursed ring of positive energy {unknown}
 A - an uncursed amulet of the gourmand {unknown}
Wands
 s - a wand of digging (4)
 u - a wand of polymorph (12)
Scrolls
 h - 2 scrolls of remove curse {unknown}
 j - a scroll of random uselessness {unknown}
 l - 3 scrolls of identify {unknown}
 r - a scroll of amnesia {unknown}
 t - a scroll of fog {unknown}
 v - a scroll of noise {unknown}
 w - a scroll of magic mapping {unknown}
 y - a scroll of blinking {unknown}
Potions
 c - 3 potions of might {unknown}
 d - a potion of lignification {unknown}
 f - 4 potions of curing {unknown}
 g - a potion of degeneration {unknown}
 i - 2 potions of agility
 k - a potion of haste {unknown}
 n - a potion of invisibility {unknown}
 o - 2 potions of heal wounds {unknown}
 q - a potion of resistance {unknown}
Comestibles
 b - 8 rations
 z - 2 chunks of flesh


   Skills:
 - Level 2.4 Fighting
 - Level 2.4 Dodging
 - Level 1.0 Stealth
 * Level 7.3 Unarmed Combat


You had 5 spell levels left.
You didn't know any spells.
Your spell library was empty.

Dungeon Overview and Level Annotations

Branches:
Dungeon (4/15)
 Temple: D:4-7

Altars:
Ashenzari
Uskayaw


Innate Abilities, Weirdness & Mutations

You are too large for most types of armour.
You have claws for hands.
Your metabolism is lightning-fast.
You like to eat raw meat.
Your natural rate of healing is unusually fast.
You are covered in fur. (AC +1)
You have extremely tough skin. (AC +3)


Message History

You destroy the bullfrog skeleton!
The orc misses you.
You scratch the orc but do no damage. The orc hits you with a +0 club.
* * * LOW HITPOINT WARNING * * *
You scratch the orc.
The orc is severely wounded.
The orc misses you.
You claw the orc!
You kill the orc!
You can now pass through a line of other dancers.
You don't have enough magic at the moment.
You scratch the ogre.
The ogre is lightly wounded.
The ogre closely misses you.
You barely miss the ogre.
The ogre is lightly wounded.
You barely miss the ogre.
The ogre is lightly wounded.
The ogre hits you with a cursed -1 giant club!!
You die...

#..#?(.#
#.#..$!..
#.......###
#..p)...#
#.$####.# #
#.# #p# #O#
#@# #.#
#.#########
#.........#
#########.#
#.#######
#..>....#
######.##
#.#


You could see an ogre and a slave.

Vanquished Creatures
  An ogre (D:4)
  A bullfrog skeleton (D:4)
  Crazy Yiuf (D:3)
  3 orc wizards
  Ijyb (D:3)
  3 adders
  An ooze (D:1)
  2 worms
  2 leopard geckos (D:3)
  7 orcs
  2 ball pythons
  5 giant cockroaches
  5 goblins
  7 hobgoblins
  8 jackals
  7 kobolds
  11 bats
  6 frilled lizards
  A jackal skeleton (D:4)
  A leopard gecko skeleton (D:4)
  5 rats
80 creatures vanquished.

Notes
Turn   | Place    | Note
-------+----------+-------------------------------------------
     0 | D:1      | Mrkan the Troll Monk began the quest for the Orb.
     0 | D:1      | Reached XP level 1. HP: 22/22 MP: 0/0
    84 | D:1      | Reached XP level 2. HP: 29/29 MP: 1/1
   130 | D:1      | You fall through a shaft!
   210 | D:2      | Reached skill level 4 in Unarmed Combat
   268 | D:2      | Reached XP level 3. HP: 33/36 MP: 2/2
   274 | D:2      | Found a hide-covered altar of Uskayaw.
   282 | D:2      | Became a worshipper of Uskayaw the Reveler
   282 | D:2      | Reached * piety under Uskayaw
   564 | D:2      | Found a shattered altar of Ashenzari.
  1150 | D:1      | Reached ** piety under Uskayaw
  1605 | D:3      | Reached XP level 4. HP: 44/44 MP: 3/3
  1615 | D:3      | Reached skill level 5 in Unarmed Combat
  1703 | D:3      | Noticed Ijyb
  1717 | D:3      | Killed Ijyb
  1927 | D:3      | Found a runed translucent door.
  1928 | D:3      | Noticed Crazy Yiuf
  2037 | D:3      | Reached XP level 5. HP: 50/50 MP: 4/4
  2302 | D:3      | Killed Crazy Yiuf
  2302 | D:3      | Reached skill level 6 in Unarmed Combat
  2345 | D:4      | Reached *** piety under Uskayaw
  2393 | D:4      | Noticed an ogre
  2393 | D:4      | Noticed an ogre
  2399 | D:4      | Killed an ogre
  2399 | D:4      | Reached skill level 7 in Unarmed Combat
  2399 | D:4      | Reached XP level 6. HP: 34/59 MP: 1/5
  2400 | D:4      | Noticed a slave
  2422 | D:4      | Mangled by an ogre

Skill      XL: |  1  2  3  4  5 |
---------------+----------------+-----
Unarmed Combat | 4 5 7 |  7.3
Fighting       | |  2.4
Dodging        | |  2.4
Stealth        | |  1.0

Action                   |  1- 3 |  4- 6 || total
-------------------------+-------+-------++-------
Melee: Unarmed           |    83 |   108 ||   191
       Punch             |     1 |     2 ||     3
Invok: Stomp             |       |     3 ||     3
 Stab: Sleeping          |     3 |     1 ||     4
  Eat: Chunk             |    14 |    14 ||    28
Armor: Robe              |    29 |    32 ||    61
Dodge: Dodged            |    52 |    46 ||    98
